 Dungeon Crawl Stone Soup version 0.14.1 (webtiles) character file.

2665 Heini the Cleaver (level 9, 0/81 HPs)
             Began as a Hill Orc Fighter on Apr 29, 2014.
             Was a Believer of Okawaru.
             Succumbed to a killer bee's poison
             ... on Level 7 of the Dungeon.
             The game lasted 00:22:52 (7089 turns).

Heini the Cleaver (Hill Orc Fighter)                Turns: 7089, Time: 00:22:53

HP   0/81        AC 14     Str 22      XL: 9   Next: 49%
MP   9/9         EV 10     Int  8      God: Okawaru [**....]
Gold 231         SH 20     Dex 17      Spells:  0 memorised,  8 levels left

rFire  . . .     SeeInvis .     a - +0,-2 war axe
rCold  . . .     Clarity  .     m - +0 chain mail
rNeg   . . .     Conserve .     u - +0 shield
rPois  .         rCorr    .     (no helmet)
rElec  .         rRot     .     y - +1 cloak
SustAb + .       Spirit   .     t - +0 pair of gloves (curse)
rMut   .         Warding  .     (no boots)
Saprov + . .     Stasis   .     (no amulet)
MR     .....                    s - +2 ring of dexterity
                                k - ring of sustain abilities

@: agile, lethally poisoned, very slightly contaminated, not resistant to
hostile enchantments, extremely unstealthy
A: saprovore 1
a: Heroism, Renounce Religion


You were on level 7 of the Dungeon.
You worshipped Okawaru.
Okawaru was pleased with you.
You were not hungry.

You visited 2 branches of the dungeon, and saw 8 of its levels.

You collected 257 gold pieces.
You spent 26 gold pieces at shops.

Inventory:

Hand weapons
 a - a +0,-2 war axe (weapon)
Armour
 m - a +0 chain mail (worn)
 t - a cursed +0 pair of gloves (worn)
 u - a +0 shield (worn)
 y - a +1 cloak (worn)
Magical devices
 o - a wand of magic darts (14) {unknown}
 q - a wand of invisibility (3)
Comestibles
 d - 5 meat rations
 j - 9 bread rations
 w - 3 chunks of black bear flesh
Scrolls
 e - 2 scrolls of enchant armour
 f - 3 scrolls of identify
 h - 2 scrolls of remove curse
 r - a scroll of magic mapping
 z - a scroll of fog {unknown}
 C - a scroll of amnesia
Jewellery
 k - a ring of sustain abilities (left hand)
 s - a +2 ring of dexterity (right hand)
 v - a +2 ring of intelligence
Potions
 i - a potion of agility
 l - 3 potions of restore abilities
Books
 b - a Grand Grimoire {highlevel, unknown}

   This book is beyond your current level of understanding.

   Spells                             Type                      Level
   Aura of Abjuration                 Summoning                    6
   Forceful Dismissal                 Summoning                    6
   Haunt                              Necromancy/Summoning         7
   Summon Greater Demon               Summoning                    7
   Malign Gateway                     Summoning/Translocation      7
   Summon Horrible Things             Summoning                    8
 p - a book of Control

   Spells                             Type                      Level
   Control Teleport                   Charms/Translocation         4
   Control Undead                     Necromancy                   4
   Enslavement                        Hexes                        4
   Metabolic Englaciation             Hexes/Ice                    5
   Mass Confusion                     Hexes                        6


   Skills:
 * Level 7.9 Fighting
 * Level 10.8 Axes
 * Level 8.7 Armour
 - Level 3.2 Shields
 + Level 0.3 Invocations


You had 8 spell levels left.
You didn't know any spells.

Dungeon Overview and Level Annotations

Branches:
Dungeon (7/15)             Temple (1/1) D:4

Altars:
Ashenzari
Cheibriados
Dithmenos
Elyvilon
Fedhas
Kikubaaqudgha
Makhleb
Nemelex Xobeh
Okawaru
Sif Muna
Trog
Vehumet
Xom
Yredelemnul
Zin
The Shining One

Shops:
D:5 ?


Innate Abilities, Weirdness & Mutations

You can tolerate rotten meat.


Message History

The killer bee stings you but does no damage.
* * * LOW HITPOINT WARNING * * *
You feel sick. The killer bee barely misses you.
The killer bee closely misses you.
* * * LOW HITPOINT WARNING * * *
You feel sick. You block the killer bee's attack.
You block the killer bee's attack. The killer bee barely misses you.
* * * LOW HITPOINT WARNING * * *
You feel sick. You block the killer bee's attack.
The killer bee stings you but does no damage.
You block the killer bee's attack. The killer bee closely misses you.
* * * LOW HITPOINT WARNING * * *
You feel sick. The killer bee stings you.
* * * LOW HITPOINT WARNING * * *
You block the killer bee's attack. The killer bee closely misses you.
* * * LOW HITPOINT WARNING * * *
You feel sick. You block the killer bee's attack.
You block the killer bee's attack.
The killer bee stings you but does no damage.
You die...

......................## ##......
......................#####.....)
#................................
#..........................).....
###..#.................._........
...#..#.#......................
..##.####.#................... #
..#..##.....k......#k......
#####......@.kk....#.#......
#......#....k.....##k...#..
###....#...##.##...##...#..
##....##.##.##...#####..#
#####...#.#..#.## ##.%
#...#.####..### ##. ####.## #.#.#
## ### ##### #


You could see 4 killer bees.

Vanquished Creatures
  Menkaure (D:6)
  3 ice beasts
  A phantom (D:4)
  A black bear (D:7)
  2 ogres (D:6)
  A centaur (D:6)
  A giant frog (D:7)
  A scorpion (D:4)
  10 killer bees
  2 jellies (D:7)
  A quasit (D:5)
  2 hounds (D:7)
  A crimson imp (D:6)
  Crazy Yiuf (D:3)
  2 iguanas (D:6)
  5 worker ants
  3 orc wizards (D:7)
  Natasha (D:3)
  A kobold skeleton (D:7)
  A sky beast zombie (D:6)
  Ijyb (D:2)
  Terence (D:3)
  14 adders
  8 gnolls (D:4)
  2 shadow imps
  A giant mite (D:5)
  An inept feature mimic (D:3)
  4 worms
  An orc zombie (D:5)
  An iguana skeleton (D:4)
  An adder skeleton (D:4)
  A giant eyeball (D:7)
  4 giant geckos
  25 orcs
  A giant cockroach (D:5)
  23 hobgoblins
  13 jackals
  18 kobolds
  2 ball pythons
  A ball python zombie (D:6)
  7 bats
  A giant gecko skeleton (D:4)
  4 giant newts
  20 goblins
  A goblin skeleton (D:5)
  A goblin zombie (D:5)
  A jackal zombie (D:5)
  4 quokkas
  A quokka skeleton (D:6)
  8 rats
212 creatures vanquished.

Notes
Turn   | Place    | Note
--------------------------------------------------------------
     0 | D:1      | Heini, the Hill Orc Fighter, began the quest for the Orb.
     0 | D:1      | Reached XP level 1. HP: 19/19 MP: 1/1
    90 | D:1      | Reached XP level 2. HP: 27/27 MP: 2/2
   126 | D:1      | Reached skill level 4 in Fighting
   537 | D:2      | Reached XP level 3. HP: 33/33 MP: 3/3
   601 | D:2      | Noticed Ijyb
   615 | D:2      | Killed Ijyb
   615 | D:2      | Reached XP level 4. HP: 39/41 MP: 4/4
   847 | D:2      | Found a bloodstained altar of Trog.
   853 | D:2      | Found an iron altar of Okawaru.
   872 | D:2      | Found a white marble altar of Elyvilon.
   872 | D:2      | Found a basalt altar of Yredelemnul.
   889 | D:2      | Reached XP level 5. HP: 47/47 MP: 5/5
   898 | D:2      | Became a worshipper of Warmaster Okawaru
  1056 | D:2      | Reached skill level 5 in Armour
  1472 | D:3      | Noticed Terence
  1478 | D:3      | Killed Terence
  1522 | D:3      | Noticed Natasha
  1530 | D:3      | Killed Natasha
  1916 | D:3      | Noticed Crazy Yiuf
  1929 | D:3      | Killed Crazy Yiuf
  1929 | D:3      | Reached XP level 6. HP: 38/55 MP: 6/6
  2311 | D:4      | Reached skill level 5 in Fighting
  2311 | D:4      | Reached skill level 5 in Axes
  2466 | D:4      | Reached skill level 6 in Armour
  2519 | D:4      | Found a staircase to the Ecumenical Temple.
  2595 | Temple   | Entered the Ecumenical Temple
  2984 | D:4      | Reached XP level 7. HP: 39/61 MP: 7/7
  3148 | D:4      | Acquired Okawaru's first power
  4171 | D:5      | Entered Level 5 of the Dungeon
  4462 | D:5      | Found Iluag's Magic Scroll Boutique.
  4476 | D:5      | Bought a scroll of identify for 26 gold pieces
  4745 | D:5      | Reached skill level 7 in Axes
  5046 | D:5      | Reached XP level 8. HP: 57/70 MP: 8/8
  5543 | D:6      | Noticed Menkaure
  5556 | D:6      | Killed Menkaure
  5556 | D:6      | Reached skill level 8 in Axes
  5847 | D:6      | Reached skill level 9 in Axes
  6068 | D:6      | Reached XP level 9. HP: 12/79 MP: 6/9
  6508 | D:7      | Reached skill level 10 in Axes
  6589 | D:7      | Paralysed by a giant eyeball for 4 turns
  6598 | D:7      | Paralysed by a giant eyeball for 3 turns
  6942 | D:7      | Found a glowing golden altar of the Shining One.
  7087 | D:7      | HP: 2/81 [killer bee (3)]
  7089 | D:7      | Succumbed to a killer bee's poison

Action                   |  1- 3 |  4- 6 |  7- 9 || total
-------------------------+-------+-------+-------++-------
Melee: War axe           |    93 |   220 |   489 ||   802
Invok: Heroism           |       |       |     1 ||     1
  Use: Scroll            |       |    17 |     5 ||    22
       Potion            |       |     2 |     6 ||     8
